 Dungeon Crawl Stone Soup version 0.25-a0-603-g0321be95db (webtiles) character file.

Game seed: 16256822533942885238, levelgen mode: deterministic

5312 Conn the Thaumaturge (level 10, -16/63 HPs)
             Began as an Octopode Wizard on Mar 16, 2020.
             Was a Priest of Sif Muna.
             Killed from afar by Fannar (32 damage)
             ... with a bolt of cold
             ... on level 1 of the Lair of Beasts.
             The game lasted 00:42:25 (9986 turns).

Conn the Thaumaturge (Octopode Wizard)              Turns: 9986, Time: 00:42:26

Health: -16/63     AC:  3    Str: 11    XL:     10   Next: 64%
Magic:  5/22       EV: 12    Int: 20    God:    Sif Muna [***...]
Gold:   28         SH:  4    Dex: 10    Spells: 4/25 levels left

rFire    . . .     SeeInvis .   v - +3 short sword (speed)
rCold    . . .     Gourm    .   (no shield)
rNeg     . . .     Faith    .   a - +2 hat
rPois    +         Spirit   .   x - +4 amulet of reflection
rElec    .         Reflect  +   l - ring of protection from magic
rCorr    .         Harm     .   b - ring of poison resistance
MR       +....                  u - -2 ring of evasion (curse)
Stlth    ++++......             (no ring)
HPRegen  0.20/turn              (no ring)
MPRegen  0.18/turn              (no ring)
                                (no ring)
                                (no ring)

@: no status effects
A: almost no armour, stealthy swim, amphibious, 8 rings, constrict 8, camouflage
1, gelatinous body 1
a: Channel Magic, Forget Spell, Renounce Religion


You were on level 1 of the Lair of Beasts.
You worshipped Sif Muna.
Sif Muna was most pleased with you.
You were hungry.

You visited 2 branches of the dungeon, and saw 9 of its levels.

You collected 432 gold pieces.
You spent 404 gold pieces at shops.

Inventory:

Hand Weapons
 g - a +0 short sword
 m - a +3 quarterstaff of chaos
 n - a +0 dagger of venom
 v - a +3 short sword of speed (weapon)
Missiles
 e - 52 poisoned darts (quivered)
 h - 242 stones
 p - 4 silver boomerangs
 s - 80 arrows
 t - 75 sling bullets
Armour
 a - a +2 hat (worn)
Jewellery
 b - a ring of poison resistance (right tentacle)
 l - a ring of protection from magic (left tentacle)
 u - a cursed -2 ring of evasion (on tentacle)
 x - a +4 amulet of reflection (around mantle)
Wands
 o - a wand of flame (25)
 z - a wand of acid (3)
Scrolls
 d - 2 scrolls of magic mapping
 f - a scroll of immolation
 i - 7 scrolls of teleportation
 k - 7 scrolls of identify
 y - a scroll of enchant weapon
 C - a scroll of blinking
Potions
 j - a potion of flight
 q - 2 potions of brilliance
 r - a potion of haste
 w - a potion of resistance {unknown}
 A - a potion of curing
 B - a potion of invisibility {unknown}
 E - a potion of might {unknown}
Comestibles
 c - 13 rations


   Skills:
 + Level 3.9 Fighting
 + Level 4.6 Short Blades
 + Level 0.9 Throwing
 + Level 3.6 Dodging
 - Level 5.1 Stealth
 + Level 8.1 Spellcasting
 * Level 6.2 Conjurations
 + Level 2.5 Summonings
 + Level 2.8 Translocations
 + Level 2.5 Transmutations
 * Level 4.3 Fire Magic
 + Level 2.1 Air Magic
 + Level 3.2 Poison Magic
 + Level 3.3 Invocations
 + Level 1.0 Evocations


You had 4 spell levels left.
You knew the following spells:

 Your Spells              Type           Power        Failure   Level  Hunger
a - Magic Dart            Conj           ####         1%          1    None
b - Blink                 Tloc           N/A          4%          2    None
c - Call Imp              Summ           ###.....     4%          2    None
d - Mephitic Cloud        Conj/Pois/Air  ###.....     4%          3    None
e - Conjure Flame         Conj/Fire      ####....     3%          3    None
f - Ignite Poison         Fire/Tmut/Pois ###.....     6%          3    None
g - Dazzling Flash        Conj/Hex       ###...       7%          3    None
h - Olgreb's Toxic Radia  Pois           ###.....     22%         4    ###....

Your spell library contained the following spells:

 Spells                   Type           Power        Failure   Level  Hunger
 Apportation              Tloc           ###...       2%          1    None
 Sting                    Tmut/Pois      ###.         2%          1    None
 Summon Small Mammal      Summ           ###.         3%          1    None
 Poisonous Vapours        Pois/Air       ###...       4%          2    None
 Animate Skeleton         Necr           N/A          9%          1    None
 Corona                   Hex            #......      9%          1    None
 Ensorcelled Hibernation  Hex/Ice        #.....       13%         2    None
 Slow                     Hex            #.......     13%         2    None
 Confusing Touch          Hex            #.......     26%         3    None
 Tukima's Dance           Hex            #.......     26%         3    None


Dungeon Overview and Level Annotations

Branches:
Dungeon (8/15)             Temple (0/1) D:4            Lair (1/6) D:8

Altars:
Ashenzari
Cheibriados
Dithmenos
Fedhas
Sif Muna
Trog
Xom

Shops:
D:5 *   D:8 *

Annotations:
D:5 Valentain's ghost, amateur OpEE
Lair:1 Fannar


Innate Abilities, Weirdness & Mutations

You cannot wear most types of armour.
You are very stealthy in the water. (Stealth+)
You are amphibious.
You can wear up to eight rings at the same time.
You can use your tentacles to constrict eight enemies at once.
Your skin changes colour to match your surroundings (Stealth+).
Your rubbery body absorbs attacks. (AC +1, EV +1)


Message History

Casting: Blink (safe; 4% risk of failure)
Confirm with . or Enter, or press ? or * to list all spells.
You blink.
You feel much better.
Fannar hits you with an uncursed staff of cold.
Fannar freezes you.
Found 31 stones.
Found a ration.
Found 26 gold pieces.
As you read the scroll of teleportation, it crumbles to dust.
You feel strangely unstable. Fannar barely misses you.
Found a scroll of amnesia.
Fannar casts a spell at you. The bolt of cold hits you!
* * * LOW HITPOINT WARNING * * *
Your surroundings seem slightly different.
Fannar casts a spell at you. The bolt of cold hits you!!
Ouch! That really hurt!
You die...

##(.. #.... ##.... ......###
###.......#####...P #
#.............##..###### #
#................#....###
##.......@................
##...(.....................
#.................$........
#......ยง...................
#..........................
..?.%...D.e................
...$.......................
...........................
#...###..##...###.###..P...


You could see Fannar and a five-headed hydra.

Vanquished Creatures
  A two-headed ogre (D:8)
  The ghost of Howlingfantods the Shield-Bearer, a novice MiFi (D:5)
  The ghost of Devinter the Sneak, a novice OpCj of Gozag (D:5)
  Grinder (D:4)
  A hippogriff (D:8)
  The ghost of Eurus the Chiller, an amateur DsIE (D:5)
  A human (D:7)
  A yak (D:7)
  A wyvern (D:8)
  3 hogs (D:7)
  A hungry ghost (D:7)
  Menkaure (D:7)
  A porcupine (Lair:1)
  2 black bears (D:8)
  2 orc warriors (D:8)
  2 sky beasts
  2 necrophages
  2 ogres
  A centaur (D:5)
  4 bullfrogs
  3 scorpions
  2 jellies (D:5)
  2 howler monkeys
  4 crimson imps
  Crazy Yiuf (D:2)
  4 hounds
  A gnoll shaman (D:6)
  2 centaur skeletons
  4 orc wizards
  4 orc priests
  Terence (D:3)
  Ijyb (D:4)
  8 worker ants
  2 hound skeletons
  Robin (D:2)
  A howler monkey skeleton (D:7)
  6 gnolls (D:6)
  4 adders
  2 shadow imps
  An ooze (D:3)
  An adder zombie (D:6)
  2 adder skeletons
  4 worms
  2 dart slugs
  4 leopard geckos
  27 orcs
  7 bats
  4 giant cockroaches
  13 goblins
  9 hobgoblins
  2 jackals (D:3)
  5 kobolds
  3 quokkas
  A ball python (D:4)
  5 frilled lizards
  8 rats
  A fungus (D:8)
182 creatures vanquished.

Vanquished Creatures (collateral kills)
  An ice beast (D:5)
  An orc (D:4)
2 creatures vanquished.

Vanquished Creatures (others)
  A fungus (D:8)
  A plant (D:8)
2 creatures vanquished.

Grand Total: 186 creatures vanquished

Notes
Turn   | Place    | Note
-------+----------+-------------------------------------------
     0 | D:1      | Conn the Octopode Wizard began the quest for the Orb.
     0 | D:1      | Reached XP level 1. HP: 11/11 MP: 4/4
   251 | D:1      | Reached XP level 2. HP: 11/17 MP: 6/6
   696 | D:2      | Found a snail-covered altar of Cheibriados.
   775 | D:2      | Reached XP level 3. HP: 14/21 MP: 6/8
   789 | D:2      | Noticed Robin
   866 | D:1      | Learned a level 2 spell: Blink
   869 | D:1      | Learned a level 2 spell: Call Imp
   873 | D:1      | Learned a level 3 spell: Mephitic Cloud
   888 | D:2      | Killed Robin
   978 | D:2      | Found a shimmering altar of Xom.
  1017 | D:2      | Reached skill level 4 in Spellcasting
  1020 | D:2      | Reached XP level 4. HP: 21/27 MP: 3/10
  1311 | D:2      | Found a shimmering blue altar of Sif Muna.
  1321 | D:2      | Became a worshipper of Sif Muna the Loreminder
  1715 | D:2      | Found a faded altar of an unknown god.
  1757 | D:2      | Found a runed translucent door.
  1758 | D:2      | Noticed Crazy Yiuf
  1765 | D:2      | Learned a level 3 spell: Conjure Flame
  1782 | D:2      | Killed Crazy Yiuf
  1782 | D:2      | Reached skill level 1 in Invocations
  1910 | D:3      | Reached XP level 5. HP: 30/31 MP: 7/11
  1937 | D:3      | Reached skill level 1 in Fighting
  2011 | D:3      | You fall into a shaft and drop 1 floor!
  2024 | D:4      | Noticed Grinder
  2025 | D:4      | Paralysed by Grinder for 2 turns
  2057 | D:4      | Killed Grinder
  2057 | D:4      | Reached skill level 5 in Spellcasting
  2057 | D:4      | Reached XP level 6. HP: 38/38 MP: 8/13
  2155 | D:4      | Found a staircase to the Ecumenical Temple.
  2619 | D:4      | Reached * piety under Sif Muna
  2868 | D:4      | Noticed Ijyb
  2878 | D:4      | Killed Ijyb
  2878 | D:4      | Reached XP level 7. HP: 38/44 MP: 14/14
  2910 | D:4      | Reached skill level 1 in Short Blades
  3467 | D:4      | Found a shadowy altar of Dithmenos.
  3557 | D:3      | Found a bloodstained altar of Trog.
  4225 | D:3      | Noticed Terence
  4244 | D:3      | Killed Terence
  4394 | D:5      | Entered Level 5 of the Dungeon
  4395 | D:5      | Found a runed translucent gate.
  4396 | D:5      | Found a runed translucent gate.
  4397 | D:5      | Noticed Eurus's ghost (amateur DsIE)
  4398 | D:5      | Found a runed translucent gate.
  4398 | D:5      | Noticed Devinter's ghost (novice OpCj)
  4398 | D:5      | Noticed Howlingfantods's ghost (novice MiFi)
  4399 | D:5      | Noticed Valentain's ghost (amateur OpEE)
  4766 | D:5      | Reached ** piety under Sif Muna
  4892 | D:5      | Reached XP level 8. HP: 40/51 MP: 14/16
  5034 | D:5      | Found Nesoarph's Assorted Antiques.
  5039 | D:5      | Bought a cyan potion for 23 gold pieces
  5039 | D:5      | Bought a scroll labeled TAUTEPPUOTU for 26 gold pieces
  5039 | D:5      | Bought a scroll labeled TON ALADUFYB for 26 gold pieces
  5039 | D:5      | Bought a worn ivory wand for 104 gold pieces
  5485 | D:5      | Found a shattered altar of Ashenzari.
  5822 | D:6      | Reached skill level 6 in Spellcasting
  5843 | D:6      | Reached skill level 1 in Poison Magic
  6080 | D:6      | Reached skill level 1 in Air Magic
  6126 | D:6      | Found a blossoming altar of Fedhas.
  6431 | D:6      | Reached XP level 9. HP: 57/57 MP: 1/18
  6711 | D:6      | Learned a level 3 spell: Ignite Poison
  7074 | D:5      | Killed Howlingfantods's ghost
  7074 | D:5      | Reached skill level 5 in Stealth
  7074 | D:5      | Reached skill level 1 in Transmutations
  7074 | D:5      | Reached skill level 1 in Fire Magic
  7363 | D:5      | Killed Eurus's ghost
  7388 | D:5      | Killed Devinter's ghost
  7388 | D:5      | Reached skill level 7 in Spellcasting
  7388 | D:5      | Reached skill level 5 in Conjurations
  7863 | D:7      | Noticed Menkaure
  7877 | D:7      | Killed Menkaure
  8162 | D:7      | Reached skill level 1 in Evocations
  8328 | D:7      | Learned a level 3 spell: Dazzling Flash
  8596 | D:7      | Reached XP level 10. HP: 50/62 MP: 4/21
  8596 | D:7      | Reached *** piety under Sif Muna
  8778 | D:8      | Noticed a two-headed ogre
  8855 | D:8      | Killed a two-headed ogre
  9147 | D:8      | Reached skill level 8 in Spellcasting
  9612 | D:8      | Learned a level 4 spell: Olgreb's Toxic Radiance
  9672 | D:8      | Found a staircase to the Lair.
  9693 | D:8      | Found Wupriz's Assorted Antiques.
  9698 | D:8      | Bought a scroll of blinking for 225 gold pieces
  9920 | Lair:1   | Entered Level 1 of the Lair of Beasts
  9920 | Lair:1   | Noticed a five-headed hydra
  9966 | Lair:1   | Noticed Fannar
  9986 | Lair:1   | Killed from afar by Fannar

Levels and vault maps discovered:
D:1:      lemuel_arrival_muddy, layout_basic
D:2:      layout_basic, kennysheep_slug_shrine, led_sif_pool,
          lemuel_doored_altar, serial_curves, eino_curves_02, eino_curves_03,
          chequers_ecumenical_altar_simple_redux, uniq_crazy_yiuf_cottage,
          uniq_robin
D:3:      layout_loops_ring, old_standard_altar, grunt_decor_arrowhead,
          uniq_terence
D:4:      layout_basic, marbit_many_paths, minmay_temple_entry_grid,
          uniq_grinder, uniq_ijyb
D:5:      layout_gridville, basic_altar, first_ration, gammafunk_ghost_cemetery,
          serial_shops, shop
D:6:      layout_loops_ring, fedhas_ov_isle_minmay
D:7:      layout_cave_pools, grunt_livestock, uniq_menkaure
D:8:      layout_basic, dpeg_oklobed_lair, serial_shops, kennysheep_little_box
Lair:1:   layout_hall_layers, portal_ice_cave_entry_pillars_1,
          ebering_ghost_reflecting_pool, grunt_forest_small_clearings,
          serial_bayou_lagoon_a, infiniplex_staircase_pool, uniq_maggie,
          uniq_fannar

Skill      XL: |  1  2  3  4  5  6  7  8  9 10 |
---------------+-------------------------------+-----
Stealth        | 3 4 5 |  5.1
Spellcasting   | 4 5 6 7 8 |  8.1
Invocations    | 1 2 3 |  3.3
Fighting       | 1 2 3 |  3.9
Conjurations   | 2 4 5 6 |  6.2
Short Blades   | 1 3 4 |  4.6
Dodging        | 3 |  3.6
Poison Magic   | 2 3 |  3.2
Air Magic      | 1 2 |  2.1
Translocations | 2 |  2.8
Transmutations | 2 |  2.5
Fire Magic     | 2 4 |  4.3
Evocations     | 1 |  1.0
Summonings     | 2 |  2.5
Throwing       | |  0.9

Action                   |  1- 3 |  4- 6 |  7- 9 | 10-12 || total
-------------------------+-------+-------+-------+-------++-------
Melee: Short sword       |    37 |       |   213 |    56 ||   306
       Constrict         |    13 |    20 |    52 |    10 ||    95
       Tentacles         |     7 |    11 |    35 |     9 ||    62
       Dagger            |    10 |    74 |    46 |       ||   130
Throw: Dart              |       |       |     2 |     8 ||    10
 Cast: Magic Dart        |    16 |    58 |    82 |    18 ||   174
       Mephitic Cloud    |     2 |     5 |    27 |    16 ||    50
       Call Imp          |       |     4 |    17 |     4 ||    25
       Conjure Flame     |       |     1 |     5 |     1 ||     7
       Blink             |       |       |    13 |     5 ||    18
       Ignite Poison     |       |       |     4 |     4 ||     8
Evoke: Wand              |       |       |     8 |       ||     8
  Use: Potion            |       |     5 |     5 |     1 ||    11
       Scroll            |       |       |    11 |     2 ||    13
 Stab: Sleeping          |     5 |     4 |    10 |     4 ||    23
       Confused          |     1 |     1 |     5 |     1 ||     8
       Distracted        |       |       |       |     1 ||     1
  Eat: Chunk             |       |     7 |     8 |     4 ||    19
       Ration            |       |       |     3 |       ||     3
Armor: Skin              |     2 |     1 |     6 |     3 ||    12
Dodge: Dodged            |    27 |    42 |   113 |    25 ||   207
Block: Other             |       |       |       |     7 ||     7

Table legend:
 A = Non-vault XP
 B = Vault XP
 C = Vault XP percentage of total XP
 D = Non-vault monster count
 E = Vault monster count
 F = Vault count percentage of total count
                 A         B        C        D         E       F
            +---------+---------+-------+---------+---------+-------
      Total |    5031 |    2558 |  33.7 |     157 |      26 |  14.2
            +---------+---------+-------+---------+---------+-------
        D:1 |      14 |       0 |   0.0 |       6 |       0 |   0.0
        D:2 |      67 |      83 |  55.3 |      24 |      14 |  36.8
        D:3 |     174 |      36 |  17.1 |      28 |       1 |   3.4
        D:4 |     397 |     203 |  33.8 |      24 |       2 |   7.7
        D:5 |     553 |    1376 |  71.3 |      14 |       3 |  17.6
        D:6 |     930 |       0 |   0.0 |      24 |       0 |   0.0
        D:7 |     500 |     860 |  63.2 |       9 |       6 |  40.0
        D:8 |    2253 |       0 |   0.0 |      27 |       0 |   0.0
     Lair:1 |     143 |       0 |   0.0 |       1 |       0 |   0.0
            +---------+---------+-------+---------+---------+-------
